 Dungeon Crawl Stone Soup version 0.31-a0-200-gbc41564c69 (webtiles) character file.

Game seed: 16984214892905382122

80 qw the Shooter (level 4, -2/25 HPs)
             Began as a Deep Elf Hunter on June 25, 2023.
             Killed from afar by an orc wizard (6 damage)
             ... with a magic dart
             ... on level 3 of the Dungeon.
             The game lasted 00:00:40 (1755 turns).

qw the Shooter (Deep Elf Hunter)                    Turns: 1755, Time: 00:00:41

Health: -2/25      AC:  5    Str: 10    XL:     4   Next: 18%
Magic:  6/6        EV: 11    Int: 14    God:
Gold:   133        SH:  0    Dex: 18    Spells: 3/3 levels left

rFire   . . .        Y - +0 shortbow
rCold   . . .        (shield currently unavailable)
rNeg    . . .        m - +0 ring mail
rPois   .            (no helmet)
rElec   .            (no cloak)
rCorr   .            (no gloves)
SInv    .            (no boots)
Will    .....        (no amulet)
Stlth   +            (no ring)
HPRegen 0.24/turn    (no ring)
MPRegen 0.10/turn

%: no passive effects
@: no status effects
A: no striking features
a: no special abilities


You were on level 3 of the Dungeon.
You visited 1 branch of the dungeon, and saw 3 of its levels.

You collected 175 gold pieces.
You spent 42 gold pieces at shops.


   Skills:
 - Level 1.5 Fighting
 + Level 7.6 Ranged Weapons
 - Level 2.4 Dodging
 - Level 1.2 Stealth


You had 3 spell levels left.
You didn't know any spells.
Your spell library was empty.

Inventory:

Hand Weapons
 Y - a +0 shortbow (weapon)
Armour
 m - a +0 ring mail (worn)
Scrolls
 a - 3 scrolls of fear {unknown}
 b - a scroll of blinking {unknown}
Potions
 c - a potion of attraction {unknown}
 f - a potion of curing
 g - a potion of magic {unknown}
 h - a potion of resistance {unknown}
 i - a potion of haste {unknown}
 l - a potion of invisibility {unknown}
 q - a potion of lignification {unknown}

Dungeon Overview and Level Annotations

Branches:
Dungeon (3/15)

Altars:

Shops:
D:2 !


Message History

1747 ||| DRINKING potion of heal wounds.
You feel much better. The orc priest barely misses you.
Something barely misses you.
You shoot an arrow.
The arrow closely misses the orc priest.
The orc priest looks braver for a moment.
Something hits you but does no damage.
You shoot an arrow.
The arrow hits the orc priest but does no damage.
The orc priest is moderately wounded.
The orc priest calls down the wrath of Beogh upon you.
Pain shoots through your body!
You hear some strange, mumbled words.
You are confused.
1750 ||| DRINKING 2 potions of curing.
You feel better.
1750 ||| (to cure confusion)
The orc priest hits you with a +0 club. Something hits you.
You shoot an arrow.
The arrow hits the orc priest but does no damage.
The orc priest is moderately wounded.
The orc priest hits you with a +0 club. Something hits you but does no damage.
You shoot an arrow.
The arrow hits the orc priest but does no damage.
The orc priest is moderately wounded.
The orc priest barely misses you. Something hits you.
You shoot an arrow. The arrow hits the orc priest.
The orc priest is severely wounded.
The orc priest hits you with a +0 club. Something hits you but does no damage.
You hear some strange, mumbled words.
A magic dart appears from out of thin air!
The magic dart hits you. The orc priest barely misses you.
You shoot an arrow.
The arrow closely misses the orc priest.
The orc priest hits you with a +0 club. Something hits you.
You shoot an arrow. The arrow hits the orc priest.
You kill the orc priest!
You hear some strange, mumbled words.
A magic dart appears from out of thin air!
The magic dart hits you.
You die...

#... ####### #...
#...... #... #......##
#.## .....$# #.## .
.....# #.##
.$###)..#############.##
......)...............##
......{@................
#####..........#.%..####
#..........#....#
#..........#....#
#..........#....#
#..........#....#
####.......#....#
#.......#....#
#.......#....#


There were no monsters in sight!

Vanquished Creatures
  An orc priest (D:3)
  3 adders (D:2)
  A worm (D:2)
  2 dart slugs
  2 orcs (D:3)
  3 ball pythons
  6 bats
  3 goblins
  6 hobgoblins
  3 jackals (D:1)
  4 kobolds
  A quokka (D:2)
  5 frilled lizards
  7 rats
47 creatures vanquished.

Notes
Turn   | Place    | Note
-------+----------+-------------------------------------------
     0 | D:1      | qw the Deep Elf Hunter began the quest for the Orb.
     0 | D:1      | Reached XP level 1. HP: 12/12 MP: 3/3
     0 | D:1      | 0 ||| qw: Version: 0.3-a-22-g0ed2b0b
     0 | D:1      | 0 ||| qw: Game counter: 5571
     0 | D:1      | 0 ||| qw: Melee chars always use a shield: true
     0 | D:1      | 0 ||| qw: God list: Okawaru
     0 | D:1      | 0 ||| qw: Allow faded altars: false
     0 | D:1      | 0 ||| qw: Do Orc after clearing Dungeon:15 true
     0 | D:1      | 0 ||| qw: Do second Lair branch before Depths: true
     0 | D:1      | 0 ||| qw: Lair rune preference: random
     0 | D:1      | 0 ||| qw: Goals: Normal
     0 | D:1      | 0 ||| PLANNING D:1-11
   121 | D:1      | Reached XP level 2. HP: 10/16 MP: 4/4
   210 | D:1      | Reached skill level 6 in Ranged Weapons
   524 | D:1      | Found a faded altar of an unknown god.
   688 | D:1      | 688 ||| DRINKING 2 coppery potions.
   689 | D:1      | 689 ||| DROPPING scroll of butterflies.
   745 | D:2      | Reached XP level 3. HP: 20/20 MP: 5/5
   835 | D:2      | Found Luneav's Distillery.
   841 | D:2      | 841 ||| BUYING potion of curing (42 gold).
   841 | D:2      | Bought a potion of curing for 42 gold pieces
   841 | D:2      | 841 ||| SHOPLISTING potion of curing (42 gold, have 6).
   841 | D:2      | 841 ||| SHOPLISTING potion of heal wounds (70 gold, have
                  | 6).
   841 | D:2      | 841 ||| SHOPLISTING potion of mutation (112 gold, have 6).
   841 | D:2      | 841 ||| SHOPLISTING potion of resistance (140 gold, have
                  | 6).
   915 | D:2      | Reached skill level 7 in Ranged Weapons
  1119 | D:2      | Reached XP level 4. HP: 25/25 MP: 6/6
  1368 | D:2      | 1368 ||| UPGRADING to +0 ring mail.
  1378 | D:2      | 1378 ||| DROPPING +0 leather armour.
  1379 | D:2      | 1379 ||| DROPPING ring of wizardry.
  1380 | D:2      | 1380 ||| READING scroll labelled SOTHRAL JUENEOSH.
  1385 | D:2      | 1385 ||| READING scroll labelled ASSEQ OTENOTH.
  1386 | D:2      | 1386 ||| READING scroll labelled KOSYTZ VOTUSH.
  1430 | D:2      | 1430 ||| READING scroll labelled NEXIFU PUIKKA.
  1431 | D:2      | 1431 ||| READING scroll labelled FIUSTI PEEROG.
  1432 | D:2      | 1432 ||| DRINKING 2 white potions.
  1433 | D:2      | 1433 ||| DROPPING potion of brilliance.
  1746 | D:3      | HP: 4/25 [orc priest/+0 club (4)]
  1746 | D:3      | HP: 1/25 [something (3)]
  1747 | D:3      | 1747 ||| DRINKING potion of heal wounds.
  1750 | D:3      | 1750 ||| DRINKING 2 potions of curing.
  1750 | D:3      | 1750 ||| (to cure confusion)
  1754 | D:3      | HP: 5/25 [orc priest/+0 club (5)]
  1755 | D:3      | Killed from afar by an orc wizard

Levels and vault maps discovered:
D:1:      psy_arrival_conway, layout_loops_ring,
          chequers_ecumenical_altar_simple
D:2:      layout_basic, serial_glass, glass_columns_a, glass_columns_a,
          glass_columns_b, glass_columns_a, glass_columns_c, glass_columns_a,
          glass_columns_a, glass_columns_a, item_on_display_a,
          due_unseen_surprise, minmay_strange_pillars, minmay_strange_pillars,
          serial_shops, nicolae_diamond_shop, grunt_ministairs_4, minivault_24,
          st_stairs_1, hangedman_decor_points, kennysheep_cross_room,
          minmay_pentomino_t4
D:3:      layout_basic, chequers_serial_rivers_micro_b,
          amcnicky_mini_rare_corridor_liquid, minmay_misc_feat_alley

Skill      XL: |  1  2  3 |
---------------+----------+-----
Ranged Weapons | 6 7 |  7.6
Fighting       | |  1.5
Dodging        | |  2.4
Stealth        | |  1.2

Action                     |  1- 3 |  4- 6 || total
---------------------------+-------+-------++-------
   Fire: Shortbow          |    98 |    44 ||   142
    Use: Potion            |     1 |     3 ||     4
         Scroll            |       |     5 ||     5
 Armour: Leather armour    |     9 |       ||     9
         Ring mail         |       |     8 ||     8
  Dodge: Dodged            |    17 |    15 ||    32

Table legend:
 A = Non-vault XP
 B = Vault XP
 C = Vault XP percentage of total XP
 D = Non-vault monster count
 E = Vault monster count
 F = Vault count percentage of total count
                 A         B        C        D         E       F
            +---------+---------+-------+---------+---------+-------
      Total |     133 |      23 |  14.7 |      40 |       7 |  14.9
            +---------+---------+-------+---------+---------+-------
        D:1 |      30 |       0 |   0.0 |      17 |       0 |   0.0
        D:2 |      47 |      23 |  32.9 |      13 |       7 |  35.0
        D:3 |      56 |       0 |   0.0 |      10 |       0 |   0.0
            +---------+---------+-------+---------+---------+-------
